 Dungeon Crawl Stone Soup version 0.30-a0-234-g97d66968fd (webtiles) character file.

Game seed: 13082631683872468650

2115 Morbidden the Chopper (level 9, 0/69 HPs)
             Began as a Barachi Fighter on Oct 10, 2022.
             Was a Believer of Cheibriados.
             Slain by an orc wizard
             ... wielding a +0 dagger
              (4 damage)
             ... on level 7 of the Dungeon.
             The game lasted 00:07:06 (6538 turns).

Morbidden the Chopper (Barachi Fighter)             Turns: 6538, Time: 00:07:06

Health: 0/69       AC: 15    Str: 32    XL:     9   Next: 29%
Magic:  14/14      EV: 11    Int: 17    God:    Cheibriados [**....]
Gold:   389        SH:  0    Dex: 16    Spells: 15/15 levels left

rFire   + . .      SeeInvis .    t - +8 quarterstaff "Killer Klown's Bane" {flame, rC- rN+ Str+5}
rCold   x . .      Faith    .    (shield currently unavailable)
rNeg    + . .      Spirit   .    j - +2 chain mail {rF+}
rPois   .          Reflect  .    i - +0 helmet
rElec   .          Harm     .    (no cloak)
rCorr   .          Rampage  .    (no gloves)
Will    .....                    e - +0 pair of boots
Stlth   ..........               (no amulet)
HPRegen 0.31/turn                g - +6 ring of strength
MPRegen 0.14/turn                (no ring)

@: very slow
A: amphibious, slowness 1, strong legs 1, +LOS
a: Hop, Renounce Religion, Bend Time


You were on level 7 of the Dungeon.
You worshipped Cheibriados.
Cheibriados was pleased with you.
You visited 2 branches of the dungeon, and saw 8 of its levels.

You collected 389 gold pieces.

Inventory:

Hand Weapons
 a - a +0 war axe
 t - the +8 quarterstaff "Killer Klown's Bane" (weapon) {flame, rC- rN+ Str+5}
   (You found it on level 5 of the Dungeon)

   It burns those it strikes, dealing additional fire damage.
   Str:       It affects your strength (+5).
   rC:        It makes you vulnerable to cold.
   rN:        It protects you from negative energy.
Missiles
 x - 2 silver boomerangs (quivered)
Armour
 c - a +0 buckler
 e - a +0 pair of boots (worn)
 i - a +0 helmet (worn)
 j - a +2 chain mail of fire resistance (worn)
Jewellery
 g - a +6 ring of strength (left hand)
Wands
 w - a wand of light (11)
Scrolls
 b - 2 scrolls of enchant weapon
 h - a scroll of teleportation
 k - 3 scrolls of identify
 o - 2 scrolls of poison {unknown}
 p - a scroll of torment {unknown}
 r - 4 scrolls of vulnerability {unknown}
 s - 2 scrolls of magic mapping {unknown}
 u - a scroll of noise {unknown}
Potions
 d - 5 potions of might
 f - a potion of invisibility
 l - 3 potions of flight
 m - a potion of curing
 q - a potion of degeneration {unknown}
 v - a potion of haste {unknown}


   Skills:
 * Level 6.0 Fighting
 * Level 7.9 Axes
 + Level 1.0 Staves
 * Level 6.8 Armour
 * Level 4.2 Dodging
 + Level 0.1 Stealth
 * Level 5.2 Shields
 * Level 3.7 Spellcasting
 * Level 2.0 Invocations


You had 15 spell levels left.
You didn't know any spells.
Your spell library contained the following spells:

 Spells                   Type           Power      Damage    Failure   Level
 Portal Projectile        Hex/Tloc       6%         N/A       89%         3
 Tukima's Dance           Hex            3%         N/A       89%         3
 Blade Hands              Tmut           1%         N/A       100%        5


Dungeon Overview and Level Annotations

Branches:
Dungeon (7/15)             Temple (1/1) D:4

Altars:
Ashenzari
Cheibriados
Dithmenos
Elyvilon
Fedhas
Gozag
Hepliaklqana
Kikubaaqudgha
Makhleb
Nemelex Xobeh
Okawaru
Qazlal
Ru
Sif Muna
Trog
Vehumet
Xom
Yredelemnul
Zin
The Shining One

Shops:
D:5 :

Annotations:
Temple 2 transporters


Innate Abilities, Weirdness & Mutations

You are amphibious.
You cover ground slowly.
You can hop short distances.
You have an extended range of vision and can be seen from far away.


Message History

The kobold attacks as you move away! The kobold closely misses you.
The kobold barely misses you.
The shadow imp hits you but does no damage.
The kobold barely misses you.
A kobold comes into view. It is wielding a +0 club.
The orc wizard casts a spell.
The orc wizard flickers and vanishes!
The shadow imp attacks as you move away!
The shadow imp misses you.
A kobold comes into view. It is wielding a +0 short sword.
The shadow imp laughs crazily.
The shadow imp barely misses you.
The centaur wields a +0 shortbow.
The centaur shoots an arrow.
The arrow misses you. The shadow imp spits at you.
The kobold enters a dispersal trap!
The shadow imp blinks!
The kobold blinks! x2
The kobold brigand blinks!
The centaur blinks! x2; The kobold blinks!
The shadow imp blinks!
The centaur blinks!
You blink.
A magic dart appears from out of thin air!
The magic dart hits you but does no damage.
The kobold throws a stone.
The stone hits you but does no damage.
You hear a shout!
Unknown command.
The kobold barely misses you.
Unknown command.
The centaur shoots an arrow.
The arrow closely misses you.
The centaur shoots an arrow.
The arrow misses you.
The centaur shoots an arrow.
The arrow hits you!
* * * LOW HITPOINT WARNING * * *
You hear a shout!
The kobold attacks as you move away! The kobold hits you but does no damage.
The centaur shoots an arrow.
The arrow barely misses you.
The centaur shoots an arrow.
The arrow hits you!
* * * LOW HITPOINT WARNING * * *
The shadow imp gestures at you. The kobold hits you but does no damage.
Something hits you but does no damage.
The centaur shoots an arrow.
The arrow misses you. The kobold closely misses you.
The kobold throws a stone.
The stone closely misses you. Something hits you.
You die...

##..§§K$........
#...)..#.....#..
#..###.#.###.#
#)cK?..#.... #
##K....[..#
##.5.###.#
#.....!.#..
#.{K.......
#.@#...###. #.
#...#....... #.
#.#.# #.....
#.#.# ....# ###
#.#.# ..c. .!.
#.#.# ... ... #
#.# .. ... #..
<5# ### ...


You could see a kobold brigand, a centaur, a shadow imp and 3 kobolds.

Vanquished Creatures
  Sigmund (D:5)
  Eustachio (D:5)
  Duvessa (D:4)
  2 orc warriors (D:7)
  2 black bears (D:5)
  An ice beast (D:5)
  An ogre (D:5)
  2 centaurs
  A phantom (D:5)
  2 bullfrogs
  A necrophage (D:4)
  A scorpion (D:5)
  A gnoll sergeant (D:4)
  Dowan (D:4)
  4 hounds
  An orc priest (D:3)
  2 jellies (D:6)
  3 iguanas
  10 gnolls
  6 adders
  2 shadow imps
  3 white imps
  An ufetubus (D:5)
  3 worms
  2 dart slugs
  14 orcs
  3 ball pythons
  6 endoplasms
  5 giant cockroaches
  10 goblins
  5 hobgoblins
  4 jackals (D:3)
  7 kobolds
  5 quokkas
  2 bats (D:2)
  11 frilled lizards
  3 rats
130 creatures vanquished.

Vanquished Creatures (others)
  An endoplasm (D:4)
  7 plants
8 creatures vanquished.

Grand Total: 138 creatures vanquished

Notes
Turn   | Place    | Note
-------+----------+-------------------------------------------
     0 | D:1      | Morbidden the Barachi Fighter began the quest for the Orb.
     0 | D:1      | Reached XP level 1. HP: 18/18 MP: 1/1
   151 | D:1      | Reached XP level 2. HP: 20/25 MP: 2/2
   575 | D:1      | Reached XP level 3. HP: 30/30 MP: 3/3
   913 | D:2      | You fall into a shaft and drop 1 floor!
  1195 | D:2      | Reached skill level 3 in Axes
  1392 | D:2      | Found a basalt altar of Yredelemnul.
  1869 | D:3      | Found a bloodstained altar of Trog.
  1987 | D:3      | Reached XP level 4. HP: 36/37 MP: 4/4
  2071 | D:3      | Reached skill level 1 in Dodging
  2384 | D:3      | Reached XP level 5. HP: 43/43 MP: 5/5
  2737 | D:4      | Reached skill level 4 in Axes
  3000 | D:4      | Reached skill level 1 in Spellcasting
  3000 | D:4      | Reached XP level 6. HP: 34/49 MP: 7/7
  3136 | D:4      | Reached skill level 5 in Axes
  3205 | D:4      | Noticed Duvessa
  3205 | D:4      | Noticed Dowan
  3226 | D:4      | Killed Duvessa
  3227 | D:4      | Reached skill level 5 in Armour
  3227 | D:4      | Reached XP level 7. HP: 9/55 MP: 9/9
  3235 | D:4      | Killed Dowan
  3514 | D:4      | Found a staircase to the Ecumenical Temple.
  3584 | Temple   | Entered the Ecumenical Temple
  3584 | Temple   | Found a transporter.
  3584 | Temple   | Found a transporter.
  3585 | Temple   | Found a transporter.
  3585 | Temple   | Found a transporter.
  3599 | Temple   | Became a worshipper of Cheibriados the Contemplative
  3861 | D:5      | Entered Level 5 of the Dungeon
  4230 | D:4      | Reached skill level 5 in Fighting
  4661 | D:5      | Reached skill level 6 in Axes
  4729 | D:5      | Reached XP level 8. HP: 37/62 MP: 11/11
  4789 | D:5      | Reached * piety under Cheibriados
  4828 | D:5      | Reached skill level 1 in Invocations
  4966 | D:5      | Noticed Eustachio
  4994 | D:5      | Killed Eustachio
  4995 | D:5      | Reached skill level 7 in Axes
  5151 | D:5      | Noticed Sigmund
  5156 | D:5      | Killed Sigmund
  5157 | D:5      | Reached skill level 5 in Shields
  5243 | D:5      | Found Fiedekh's Tremendous Tomes.
  5287 | D:5      | Found a burning altar of Makhleb.
  5290 | D:5      | Found an iron altar of Okawaru.
  5290 | D:5      | Found a radiant altar of Vehumet.
  5294 | D:5      | Found a sparkling altar of Nemelex Xobeh.
  5636 | D:5      | Identified the +8 quarterstaff "Killer Klown's Bane"
                  | {flame, rC- rN+ Str+5}
  5942 | D:6      | Reached XP level 9. HP: 58/69 MP: 13/13
  6454 | D:7      | Reached ** piety under Cheibriados
  6504 | D:7      | Reached skill level 1 in Staves
  6537 | D:7      | HP: 3/69 [centaur/arrow (10)]
  6538 | D:7      | Slain by an orc wizard

Illustrated notes

Levels and vault maps discovered:
D:1:      scummos_arrival_forest, layout_basic, chequers_mini_garden,
          serial_bayou_lake_a
D:2:      layout_basic, basic_altar
D:3:      layout_basic, lightli_temple_of_fire
D:4:      layout_loops_ring, minmay_temple_entry_statues_pillars,
          minmay_lizard_king, uniq_duvessa
D:5:      layout_basic, minitemple, nicolae_shop_i_like_big_books,
          minmay_door_square, minmay_pentangle, uniq_sigmund, uniq_eustachio
D:6:      layout_basic, chequers_arboretum, kennysheep_generic_room_9
D:7:      hangedman_cross_stitches, layout_rooms
Temple:   hellmonk_temple_divided_pantheon

Skill      XL: |  1  2  3  4  5  6  7  8  9 |
---------------+----------------------------+-----
Fighting       | 4 5 6 |  6.0
Axes           | 3 4 5 6 7 |  7.9
Armour         | 4 5 6 |  6.8
Dodging        | 1 2 3 4 |  4.2
Spellcasting   | 1 2 3 |  3.7
Shields        | 4 5 |  5.2
Invocations    | 1 2 |  2.0
Staves         | 1 |  1.0
Stealth        | |  0.1

Action                   |  1- 3 |  4- 6 |  7- 9 || total
-------------------------+-------+-------+-------++-------
Melee: War axe           |    99 |   119 |   196 ||   414
       Quarterstaff      |       |       |    44 ||    44
 Abil: Hop               |       |       |     1 ||     1
  Use: Potion            |       |       |     8 ||     8
       Scroll            |       |       |     2 ||     2
Armor: Scale mail        |    37 |    21 |       ||    58
       Chain mail        |       |    49 |   170 ||   219
       Skin              |       |       |     1 ||     1
Dodge: Dodged            |    35 |    56 |   147 ||   238
Block: Buckler           |    28 |    39 |    67 ||   134

Table legend: (Time is in decaauts)
 A = Elapsed time spent in this place.
 B = Non-inter-level travel time spent in this place.
 C = Inter-level travel time spent in this place.
 D = Time resting spent in this place.
 E = Time spent auto-exploring this place.
 F = Levels seen in this place.
 G = Mean time per level.
                   A        B        C        D        E       F      G
               +--------+--------+--------+--------+--------+-----+--------+
         Total |   8150 |   7827 |    323 |    696 |   5885 |   8 | 1018.8 |
       Dungeon |   8110 |   7800 |    310 |    696 |   5883 |   7 | 1158.6 |
        Temple |     39 |     26 |     13 |      0 |      2 |   1 |   39.0 |
               +--------+--------+--------+--------+--------+-----+--------+

Top non-repeatable levels by time:
     D:5: 2073 daAuts
     D:4: 1796 daAuts
     D:1: 1062 daAuts
     D:3: 1053 daAuts
     D:2: 1025 daAuts
     D:6: 975 daAuts
     D:7: 123 daAuts
  Temple: 39 daAuts
